 Dungeon Crawl Stone Soup version 0.16-a0-3641-g71d4c1b (webtiles) character file.

345 peevee the Ducker (level 6, -5/28 HPs)
             Began as a Felid Monk on June 29, 2015.
             Killed by divine providence
             ... invoked by an orc priest
              (12 damage)
             ... on level 4 of the Dungeon.
             The game lasted 00:16:26 (5642 turns).

peevee the Ducker (Felid Monk)                      Turns: 5642, Time: 00:16:26

Health: -5/28      AC:  2    Str:  7    XL:     6   Next: 32%
Magic:  13/13      EV: 22    Int: 12    God:
Gold:   171        SH:  0    Dex: 20    Spells: 2 memorised, 4 levels left
                                        Lives:  0   Deaths: 1

rFire  . . .     SeeInvis +       - Unarmed
rCold  + . .     Clarity  .     (armour unavailable)
rNeg   . . .     SustAb   .     (shield unavailable)
rPois  .         Gourm    .     (helmet unavailable)
rElec  .         Spirit   .     (cloak unavailable)
rCorr  .         Warding  .     (gloves unavailable)
rMut   .         Stasis   .     (boots unavailable)
MR     .....                    (no amulet)
Stlth  +++.......               (no ring)
                                a - ring of protection from cold

@: quick, not resistant to hostile enchantments, fairly stealthy
A: paw claws, no armour, no weapons or thrown items, fangs 3, see invisible,
carnivore 3, speed 1, shaggy fur 2, slow metabolism 1
a: no special abilities


You were on level 4 of the Dungeon.
You were completely stuffed.

You visited 1 branch of the dungeon, and saw 4 of its levels.

You collected 171 gold pieces.

Inventory:

Jewellery
 a - a ring of protection from cold (left paw)
Scrolls
 e - 2 scrolls of amnesia {unknown}
 f - 6 scrolls of identify {unknown}
 h - 6 scrolls of remove curse
 j - a scroll of fear {unknown}
 m - a scroll of recharging {unknown}
 n - 2 scrolls of magic mapping {unknown}
Potions
 g - 2 potions of curing
 i - a potion of mutation {unknown}
 k - a potion of brilliance {unknown}
 l - 2 potions of haste {unknown}
Books
 c - a book of Frost

   Spells                             Type                      Level
   a - Freeze                         Ice                          1
   b - Throw Frost                    Conjuration/Ice              2
   c - Ozocubu's Armour               Charms/Ice                   3
   d - Throw Icicle                   Conjuration/Ice              4
   e - Summon Ice Beast               Ice/Summoning                4
   f - Condensation Shield            Ice                          4
Comestibles
 b - 3 meat rations
 d - a royal jelly


   Skills:
 + Level 3.8 Fighting
 + Level 5.9 Dodging
 + Level 3.8 Stealth
 + Level 5.0 Unarmed Combat
 + Level 1.6 Spellcasting
 * Level 2.6 Charms
 + Level 1.6 Ice Magic


You had 4 spell levels left.
You knew the following spells:

 Your Spells              Type           Power        Failure   Level  Hunger
a - Freeze                Ice            #...         14%         1    ##.....
b - Ozocubu's Armour      Chrm/Ice       #.......     34%         3    ####...


Dungeon Overview and Level Annotations

Branches:
Dungeon (4/15)
 Temple: D:4-7

Altars:
The Shining One

Annotations:
D:2 Sigmund
D:4 Dowan, Duvessa


Innate Abilities, Weirdness & Mutations

You cannot wear armour.
You are incapable of wielding weapons or throwing items.
Your paws have sharp claws.
You have razor-sharp teeth.
You have supernaturally acute eyesight.
You are carnivorous and can eat meat at any time.
You cover ground quickly.
You are covered in thick fur (AC +2).
You have a slow metabolism.


Message History

You barely miss the orc priest.
The orc priest is heavily wounded.
The orc priest completely misses you.
You scratch the orc priest.
The orc priest is heavily wounded.
The orc priest barely misses you.
You barely miss the orc priest.
The orc priest is heavily wounded.
The orc priest misses you.
You closely miss the orc priest.
You bite the orc priest, but do no damage.
The orc priest is severely wounded.
The orc priest calls down the wrath of Beogh upon you.
Something smites you!
* * * LOW HITPOINT WARNING * * *
You scratch the orc priest but do no damage.
The orc priest is severely wounded.
The orc priest calls down the wrath of Beogh upon you.
Something smites you!
You die...

............#.........
........%....#....####'
..............'.........
..........#####.........
................##.##...
#..........########.##.##
#######.#.# #.....#e#
#e#.# #.#...#.# #@#.# # #
#...#.# #o#.......#..##.#
#.### #....e..# ..#
#.#..##### ### #.#..#....
. ####.### ##########.#
#..........# #.##########


You could see Dowan and an orc priest (bleeding).

Vanquished Creatures
  A phantom (D:4)
  A big kobold (D:4)
  A hound (D:4)
  Natasha (D:4)
  Jessica (D:2)
  Robin (D:2)
  3 gnolls (D:3)
  2 adders (D:2)
  2 worms
  4 giant geckos
  An ooze (D:3)
  5 orcs (D:3)
  2 giant cockroaches
  15 goblins
  10 hobgoblins
  7 jackals
  2 ball pythons (D:1)
  14 bats
  A giant newt (D:2)
  27 kobolds
  5 rats
  A plant (D:4)
107 creatures vanquished.

Notes
Turn   | Place    | Note
--------------------------------------------------------------
     0 | D:1      | peevee, the Felid Monk, began the quest for the Orb.
     0 | D:1      | Reached XP level 1. HP: 10/10 MP: 2/2
    70 | D:1      | You fall through a shaft!
   158 | D:2      | Reached XP level 2. HP: 14/14 MP: 3/3
   483 | D:1      | Reached XP level 3. HP: 4/17 MP: 5/5
   919 | D:2      | Learned a level 1 spell: Freeze
   981 | D:2      | Noticed Robin
  1320 | D:2      | Noticed Sigmund
  1641 | D:2      | Killed Robin
  1641 | D:2      | Reached skill level 5 in Dodging
  2266 | D:2      | Noticed Jessica
  2268 | D:2      | Killed Jessica
  2268 | D:2      | Reached XP level 4. HP: 21/21 MP: 7/7
  3107 | D:3      | Found a glowing golden altar of the Shining One.
  3151 | D:3      | Reached skill level 1 in Ice Magic
  3239 | D:3      | Slain by an orc
  3240 | D:3      | Reached XP level 3. HP: -3/17 MP: 5/5
  3987 | D:3      | Reached skill level 1 in Spellcasting
  3987 | D:3      | Reached XP level 4. HP: 19/21 MP: 6/8
  4010 | D:2      | Learned a level 3 spell: Ozocubu's Armour
  4417 | D:3      | Reached skill level 1 in Charms
  4483 | D:3      | HP: 1/21 [kobold/whip (1)]
  4843 | D:4      | Noticed a phantom
  5079 | D:4      | Noticed Duvessa
  5079 | D:4      | Noticed Dowan
  5196 | D:4      | Killed a phantom
  5196 | D:4      | Reached XP level 5. HP: 14/24 MP: 8/10
  5211 | D:4      | Noticed a big kobold
  5237 | D:4      | Killed a big kobold
  5237 | D:4      | Gained mutation: You are covered in thick fur (AC +2). [growing up]
  5237 | D:4      | Reached XP level 6. HP: 11/28 MP: 9/12
  5351 | D:4      | Noticed Natasha
  5359 | D:4      | Killed Natasha
  5359 | D:4      | Reached skill level 5 in Unarmed Combat
  5603 | D:4      | HP: 1/28 [Dowan/puff of flame (12)]
  5642 | D:4      | Killed from afar by an orc priest

Action                   |  1- 3 |  4- 6 || total
-------------------------+-------+-------++-------
Melee: Unarmed           |   117 |   201 ||   318
 Cast: Freeze            |    17 |    15 ||    32
       Ozocubu's Armour  |       |     4 ||     4
  Use: Scroll            |     2 |       ||     2
       Potion            |     1 |     2 ||     3
 Stab: Sleeping          |     3 |     4 ||     7
  Eat: Chunk             |    11 |    13 ||    24
